 Dungeon Crawl Stone Soup version 0.28-a0-957-g42eb19b844 (webtiles) character file.

Game seed: 1434541798643925226

10396 kae the Schismatic (level 11, -8/89 HPs)
             Began as a Demonspawn Abyssal Knight on Nov 30, 2021.
             Was an Elder of Lugonu.
             Mangled by an orc knight (19 damage)
             ... on level 10 of the Dungeon.
             The game lasted 00:12:03 (11951 turns).

kae the Schismatic (Demonspawn Abyssal Knight)     Turns: 11951, Time: 00:12:03

Health: -8/89      AC: 11    Str: 24    XL:     11   Next: 35%
Magic:  10/19      EV: 11    Int: 12    God:    Lugonu [****..]
Gold:   648        SH:  0    Dex: 13    Spells: 10/10 levels left

rFire   . . .      SeeInvis +   o - +2 flail (drain)
rCold   . . .      Faith    .   (no shield)
rNeg    . . .      Spirit   .   b - +0 leather armour
rPois   .          Reflect  .   B - +2 hat {SInv}
rElec   .          Harm     .   (no cloak)
rCorr   .          Rampage  .   t - +0 pair of gloves
Will    .....                   e - +2 pair of boots {Stlth+}
Stlth   ++........              (no amulet)
HPRegen 0.24/turn               k - ring of see invisible
MPRegen 0.16/turn               l - +6 ring of strength

@: no status effects
A: icy blue scales 1, spiny 2, weakness stinger 2
a: Renounce Religion, Depart the Abyss, Bend Space, Banish, Corrupt


You were on level 10 of the Dungeon.
You worshipped Lugonu.
Lugonu was greatly pleased with you.
You visited 2 branches of the dungeon, and saw 11 of its levels.
You visited the Abyss 1 time.
You also visited: Bailey.

You collected 648 gold pieces.

Inventory:

Hand Weapons
 a - a +1 mace
 o - a +2 flail of draining (weapon)
Missiles
 s - 3 throwing nets
Armour
 b - a +0 leather armour (worn)
 e - a +2 pair of boots of stealth (worn)
 t - a +0 pair of gloves (worn)
 B - a +2 hat of see invisible (worn)
Jewellery
 k - a ring of see invisible (left hand)
 l - a +6 ring of strength (right hand)
 x - the brooch of Shielding {Spirit SH+8}
   (You found it on level 7 of the Dungeon)

   [amulet of guardian spirit]

   It causes incoming damage to be divided between your reserves of health and
   magic.
   SH:        It affects your SH (+8).
 A - a ring of fire
 C - an amulet of the acrobat
Wands
 r - a wand of flame (16)
 u - a wand of iceblast (5)
 w - a wand of mindburst (9)
 y - a wand of polymorph (5)
Scrolls
 c - 5 scrolls of teleportation
 i - 5 scrolls of fog
 n - 2 scrolls of summoning
 p - 4 scrolls of blinking
 v - a scroll of amnesia
 F - 2 scrolls of acquirement
 H - a scroll of identify
Potions
 d - 2 potions of magic
 f - 4 potions of heal wounds
 g - a potion of resistance
 h - 2 potions of mutation
 j - 7 potions of curing
 m - a potion of flight
 q - 2 potions of cancellation
 z - a potion of brilliance
 D - 3 potions of attraction
 E - 3 potions of haste
Miscellaneous
 G - a box of beasts


   Skills:
 + Level 9.5 Fighting
 * Level 11.8 Maces & Flails
 - Level 2.1 Armour
 - Level 1.2 Dodging
 + Level 11.9 Invocations


You had 10 spell levels left.
You didn't know any spells.
Your spell library contained the following spells:

 Spells                   Type           Power      Damage    Failure   Level
 Sandblast                Erth           0%         2d4       36%         1
 Shock                    Conj/Air       0%         1d3       36%         1
 Slow                     Hex            0%         N/A       36%         1
 Passwall                 Tmut/Erth      0%         N/A       50%         2
 Confusing Touch          Hex            0%         N/A       75%         3
 Stone Arrow              Conj/Erth      0%         3d7       75%         3
 Swiftness                Air            0%         N/A       75%         3
 Vampiric Draining        Necr           0%         2d6       75%         3
 Airstrike                Air            0%         N/A       98%         4


Dungeon Overview and Level Annotations

Branches:
Dungeon (10/15)            Temple (1/1) D:5            Lair (0/6) D:10
    Orc (0/2) D:10         Bailey (visited)

Altars:
Ashenzari
Cheibriados
Dithmenos
Elyvilon
Fedhas
Gozag
Hepliaklqana
Kikubaaqudgha
Makhleb
Okawaru
Qazlal
Ru
Sif Muna
Trog
Uskayaw
Vehumet
Wu Jian
Xom
Yredelemnul
Zin
The Shining One
Beogh

Shops:
D:3 (   D:7 (

Annotations:
D:2 Crazy Yiuf
D:4 3 runed translucent doors, rigao's ghost, amateur OpVM
D:8 2 transporters


Innate Abilities, Weirdness & Mutations

You are partially covered in icy blue scales. (AC +2)
You are mostly covered in sharp spines.
You have a tail ending in a sharp stinger.


Message History

You hit the orc knight but do no damage.
You drain the orc knight.
Your tail-slap misses the orc knight.
The orc knight is moderately wounded.
The orc priest no longer looks unusually strong.
The orc knight hits you with a +3 vorpal broad axe!!
An orc knight comes into view. It is wielding a +0 halberd.
You are too injured to fight recklessly!
You are too injured to fight recklessly!
You are too injured to fight recklessly!
You are too injured to fight recklessly!
You are too injured to fight recklessly!
Press: ? - help, Shift-Dir - straight line, f - orc knight
Aim: an orc knight, wielding a +3 vorpal broad axe and wearing a +0 plate armour (moderately wounded, strong, lightly drained, chance to affect: 79%)
The orc knight is devoured by a tear in reality.
Lugonu claims a new guest.
The orc no longer looks unusually strong.
Things that are here:
a +0 trident; a +0 plate armour The orc throws a boomerang.
The boomerang hits you but does no damage.
The orc hits you with a +0 war axe!
You thump the orc!
You kill the orc!
Lugonu accepts your kill.
You bludgeon the orc!!
You kill the orc!
Lugonu accepts your kill.
You closely miss the orc.
Your tail-slap misses the orc.
The orc hits you with a +0 dagger.
You barely miss the orc. The orc misses you.
You bludgeon the orc!!
You kill the orc!
Lugonu accepts your kill.
The orc knight hits you from afar with a +0 halberd!!
* * * LOW HITPOINT WARNING * * *
Press: ? - help, Shift-Dir - straight line, f - orc knight
Aim: an orc knight, wielding a +0 halberd and wearing a +0 plate armour (strong, chance to affect: 76%)
The orc knight barely resists.
The orc knight hits you from afar with a +0 halberd!!
You die...

##......##
####........#
#............#
##............#
######.............#
....................#
####.#.............#
####.†.............#
#))@..............[
#o###.#........###
#§###..#.#######
#o.####### #oo#
#.)8ooo..# #..oo....#
##.8o.⌠..# #.#.....#


You could see an orc knight (strong).

Vanquished Creatures
  A two-headed ogre (D:9)
  An ugly thing (D:9)
  Maurice (D:8)
  A troll (D:10)
  Grinder (D:3)
  A centaur simulacrum (D:9)
  Sigmund (D:3)
  2 wyverns
  10 yaks
  2 basilisks (D:10)
  3 water moccasins
  10 orc warriors
  An ice beast (D:4)
  A sky beast (D:5)
  2 black bears
  2 necrophages (D:4)
  2 centaurs
  2 ogres
  A kobold brigand (D:9)
  4 bullfrogs
  A water moccasin zombie (D:5)
  3 scorpions
  A wyvern skeleton (D:6)
  5 killer bees (D:10)
  2 howler monkeys (D:10)
  2 bullfrog zombies
  3 centaur zombies
  A gnoll shaman (D:8)
  A hound (D:7)
  A centaur skeleton (D:7)
  7 orc priests
  3 jellies
  2 iguanas
  7 orc wizards
  Terence (D:3)
  8 gnolls
  11 adders
  2 white imps
  An ufetubus (D:4)
  An adder skeleton (D:4)
  A worm (D:2)
  2 dart slugs
  27 orcs
  6 endoplasms
  2 giant cockroaches
  7 goblins
  6 hobgoblins
  22 kobolds
  2 quokkas
  3 training dummies (D:7)
  4 ball pythons
  4 bats (D:1)
  2 frilled lizards
  5 rats
205 creatures vanquished.

Vanquished Creatures (others)
  A fungus (D:10)
1 creature vanquished.

Grand Total: 206 creatures vanquished

Notes
Turn   | Place    | Note
-------+----------+-------------------------------------------
     0 | Abyss:1  | kae the Demonspawn Abyssal Knight began the quest for the
                  | Orb.
     0 | Abyss:1  | Reached XP level 1. HP: 18/18 MP: 2/2
     6 | D:1      | Escaped the Abyss
   119 | D:1      | Reached skill level 1 in Dodging
   186 | D:1      | Found a faded altar of an unknown god.
   340 | D:1      | Gained mutation: You are partially covered in sharp spines.
                  | [demonic ancestry]
   340 | D:1      | Reached XP level 2. HP: 23/24 MP: 4/4
  1299 | D:2      | Gained mutation: You have a small tail. [demonic ancestry]
  1299 | D:2      | Reached XP level 3. HP: 16/29 MP: 5/5
  1657 | D:2      | Reached ** piety under Lugonu
  2004 | D:2      | Found a runed translucent door.
  2005 | D:2      | Noticed Crazy Yiuf
  2610 | D:3      | Noticed Grinder
  2614 | D:3      | Paralysed by Grinder for 2 turns
  2624 | D:3      | Killed Grinder
  2625 | D:3      | Gained mutation: You are partially covered in icy blue
                  | scales. (AC +2) [demonic ancestry]
  2625 | D:3      | Reached XP level 4. HP: 17/37 MP: 5/7
  2625 | D:3      | Reached XP level 5. HP: 20/42 MP: 5/8
  2874 | D:3      | Gained mutation: You are mostly covered in sharp spines.
                  | [demonic ancestry]
  2874 | D:3      | Reached XP level 6. HP: 46/48 MP: 9/9
  2968 | D:3      | Noticed Sigmund
  2974 | D:3      | Killed Sigmund
  2975 | D:3      | Reached skill level 5 in Invocations
  3145 | D:3      | Found Roc Jih's Antique Weapon Shoppe.
  3157 | D:3      | Noticed Terence
  3170 | D:3      | Killed Terence
  3397 | D:3      | Reached skill level 5 in Maces & Flails
  3397 | D:3      | Reached XP level 7. HP: 42/54 MP: 10/10
  3913 | D:4      | Found a runed translucent gate.
  3913 | D:4      | Found a runed translucent gate.
  3913 | D:4      | Noticed rigao's ghost (amateur OpVM)
  3915 | D:4      | Found a runed translucent gate.
  4537 | D:5      | Entered Level 5 of the Dungeon
  4553 | D:4      | Reached skill level 5 in Fighting
  4634 | D:4      | Gained mutation: You have a tail ending in a sharp stinger.
                  | [demonic ancestry]
  4634 | D:4      | Reached XP level 8. HP: 37/63 MP: 12/12
  5512 | D:5      | Found a staircase to the Ecumenical Temple.
  5552 | Temple   | Entered the Ecumenical Temple
  5789 | D:6      | Reached *** piety under Lugonu
  6005 | D:6      | Reached XP level 9. HP: 55/71 MP: 13/15
  7271 | D:7      | Found the brooch of Shielding {Spirit SH+8}
  7595 | D:7      | Found Utry's Firing Range.
  8251 | D:8      | Found a blossoming altar of Fedhas.
  8253 | D:8      | Noticed a gargoyle
  8253 | D:8      | Noticed a fire crab
  8255 | D:8      | Found a transporter.
  8307 | D:8      | Found a transporter.
  8378 | D:8      | Noticed a meliai
  8378 | D:8      | a fire crab changed into a meliai
  8535 | D:8      | Noticed Maurice
  8582 | D:8      | Killed Maurice
  8753 | D:8      | Noticed a cyclops
  8809 | D:8      | Reached XP level 10. HP: 80/80 MP: 17/17
  8995 | D:8      | Reached **** piety under Lugonu
  9216 | D:9      | Reached skill level 10 in Invocations
  9227 | D:9      | Reached skill level 10 in Maces & Flails
  9430 | D:9      | Found a flagged portal.
  9553 | Bailey   | Entered a bailey
  9558 | Bailey   | Noticed an orc warlord
  9896 | Bailey   | Found a runed translucent gate.
  9897 | Bailey   | Found a runed translucent gate.
  9903 | Bailey   | Found a runed translucent gate.
 10203 | Bailey   | Banished an orc warlord
 10358 | D:9      | Noticed a green ugly thing
 10365 | D:9      | Killed a green ugly thing
 10856 | D:9      | Noticed a two-headed ogre
 10864 | D:9      | Killed a two-headed ogre
 10865 | D:9      | Reached XP level 11. HP: 83/89 MP: 19/19
 11065 | D:9      | Found a burning altar of Makhleb.
 11074 | D:9      | Found a bloodstained altar of Trog.
 11178 | D:10     | Entered Level 10 of the Dungeon
 11361 | D:10     | Found a staircase to the Lair.
 11919 | D:10     | Found a staircase to the Orcish Mines.
 11920 | D:10     | Noticed an orc knight
 11920 | D:10     | Noticed an orc knight
 11920 | D:10     | Noticed an orc knight
 11921 | D:10     | Reached ***** piety under Lugonu
 11930 | D:10     | Banished an orc knight
 11941 | D:10     | Noticed an orc knight
 11941 | D:10     | Banished an orc knight
 11951 | D:10     | Mangled by an orc knight

Illustrated notes

Levels and vault maps discovered:
D:1:      giann_bridges, layout_loops_corners, basic_ecumenical_altar,
          chequers_avenue
D:2:      layout_basic, uniq_crazy_yiuf_cottage
D:3:      layout_loops_ring, serial_shops, nicolae_shop_statue_plus,
          uniq_terence, uniq_sigmund, uniq_grinder
D:4:      layout_basic, gammafunk_ghost_split, minivault_24
D:5:      layout_cave_pools, minmay_temple_entry_mist, hangedman_decor_push
D:6:      layout_loops_ring
D:7:      layout_loops_ring, nicolae_shop_firing_range
D:8:      layout_gridville, gammafunk_temple_overflow_arena, uniq_maurice
D:9:      layout_gridville, mainiacjoe_overflow_swirl, enter_bailey_8,
          hangedman_decor_clover_reticule
D:10:     layout_cave_pods, nicolae_overflow_hidden_temple, david_lair_generic,
          david_orc_5, serial_glass, glass_columns_a, glass_columns_a,
          glass_columns_c, glass_columns_a
Temple:   mainiacjoe_temple_coin_purse

Skill      XL: |  1  2  3  4  5  6  7  8  9 10 |
---------------+-------------------------------+-----
Dodging        | 1 |  1.2
Maces & Flails | 2 4 5 6 7 9 11 | 11.8
Armour         | 2 |  2.1
Invocations    | 3 4 5 6 8 9 11 | 11.9
Fighting       | 4 5 6 7 9 |  9.5

Action                   |  1- 3 |  4- 6 |  7- 9 | 10-12 || total
-------------------------+-------+-------+-------+-------++-------
Melee: Mace              |    74 |    29 |       |       ||   103
       Tailslap          |     3 |     7 |    35 |    38 ||    83
       Flail             |       |    13 |   201 |   180 ||   394
Invok: Banish            |       |       |       |     4 ||     4
Evoke: Wand              |       |       |       |     7 ||     7
  Use: Scroll            |    10 |       |     7 |     7 ||    24
       Potion            |     3 |       |     1 |       ||     4
 Stab: Sleeping          |     3 |       |     2 |     2 ||     7
Armor: Leather armour    |    27 |     3 |    77 |    94 ||   201
Dodge: Dodged            |    25 |    18 |   109 |    86 ||   238

Table legend: (Time is in decaauts)
 A = Elapsed time spent in this place.
 B = Non-inter-level travel time spent in this place.
 C = Inter-level travel time spent in this place.
 D = Time resting spent in this place.
 E = Time spent auto-exploring this place.
 F = Levels seen in this place.
 G = Mean time per level.
                   A        B        C        D        E       F      G
               +--------+--------+--------+--------+--------+-----+--------+
         Total |  11966 |  11689 |    277 |   2240 |   7654 |  13 |  920.5 |
       Dungeon |  11091 |  10829 |    262 |   1791 |   7496 |  10 | 1109.1 |
        Temple |    112 |     98 |     14 |      0 |     86 |   1 |  112.0 |
         Abyss |      6 |      6 |      0 |      0 |      0 |   1 |    6.0 |
        Bailey |    756 |    756 |      0 |    449 |     71 |   1 |  756.0 |
               +--------+--------+--------+--------+--------+-----+--------+

Top non-repeatable levels by time:
     D:4: 1317 daAuts
     D:9: 1303 daAuts
     D:3: 1285 daAuts
     D:2: 1276 daAuts
     D:6: 1214 daAuts
     D:8: 1188 daAuts
     D:1: 1145 daAuts
     D:7: 1019 daAuts
    D:10: 765 daAuts
  Bailey: 756 daAuts
     D:5: 575 daAuts
  Temple: 112 daAuts
 Abyss:1: 6 daAuts
